 Dungeon Crawl Stone Soup version 0.26.1-11-gd32895ea62 (webtiles) character file.

Game seed: 9199138571410986625

121 nomophobia the Chopper (level 4, -2/37 HPs)
             Began as a Demonspawn Berserker on May 20, 2021.
             Was a Believer of Trog.
             Slain by a howler monkey (5 damage)
             ... on level 4 of the Dungeon.
             The game lasted 00:11:49 (2045 turns).

nomophobia the Chopper (Demonspawn Berserker)       Turns: 2045, Time: 00:11:50

Health: -2/37      AC:  8    Str: 19    XL:     4   Next: 77%
Magic:  4/4        EV: 11    Int:  8    God:    Trog [**....]
Gold:   70         SH:  0    Dex: 12    Spells: 3/3 levels left

rFire    . . .     SeeInvis .   a - +0 hand axe
rCold    . . .     Faith    .   (no shield)
rNeg     . . .     Spirit   .   c - +0 ring mail
rPois    .         Reflect  .   (helmet restricted)
rElec    .         Harm     .   (no cloak)
rCorr    .         Rampage  .   e - +0 pair of gloves
Will     .....                  (no boots)
Stlth    +.........             (no amulet)
HPRegen  0.12/turn              (no ring)
MPRegen  0.09/turn              (no ring)

@: lethally poisoned (-2 -> -3)
A: antennae 2, iridescent scales 1
a: Renounce Religion, Berserk, Trog's Hand


You were on level 4 of the Dungeon.
You worshipped Trog.
Trog was pleased with you.
You visited 1 branch of the dungeon, and saw 4 of its levels.

You collected 70 gold pieces.

Inventory:

Hand Weapons
 a - a +0 hand axe (weapon)
Armour
 c - a +0 ring mail (worn)
 e - a +0 pair of gloves (worn)
Scrolls
 b - 3 scrolls of magic mapping {unknown}
 d - a scroll of random uselessness {unknown}
 f - 5 scrolls of identify {unknown}
 g - 6 scrolls of remove curse {unknown}
 h - a scroll of teleportation {unknown}
 j - a scroll of fog {unknown}
 k - 3 scrolls of fear {unknown}
Potions
 i - a potion of flight {unknown}
 l - 2 potions of brilliance {unknown}


   Skills:
 + Level 3.7 Fighting
 * Level 4.0 Axes
 + Level 2.7 Armour
 - Level 1.7 Dodging


You had 3 spell levels left.
You didn't know any spells.
Your spell library was empty.

Dungeon Overview and Level Annotations

Branches:
Dungeon (4/15)
 Temple: D:4-7

Altars:
Cheibriados
Nemelex Xobeh
Sif Muna

Annotations:
D:3 2 transporters


Innate Abilities, Weirdness & Mutations

You have a pair of antennae on your head.
You are partially covered in iridescent scales. (AC +2)


Message History

The howler monkey hits you.
You hit the howler monkey but do no damage.
The howler monkey is moderately wounded.
The howler monkey hits you but does no damage.
The orc hits you from afar with a +0 trident.
* * * LOW HITPOINT WARNING * * *
You closely miss the howler monkey.
The howler monkey is moderately wounded.
The howler monkey hits you.
* * * LOW HITPOINT WARNING * * *
The orc hits you from afar with a +0 trident.
* * * LOW HITPOINT WARNING * * *
You closely miss the howler monkey.
The howler monkey is moderately wounded.
You feel sick. The howler monkey barely misses you. The orc barely misses you.
The howler monkey closely misses you.
You barely miss the howler monkey.
The howler monkey is lightly wounded.
The howler monkey hits you.
You die...

#††....#.##### #
#......#.#..>#.#
####......#.#.#.#.#####
..................>....#
...##......#.#.#.##.....
### #......#.#.#....#...
_ #.####.#.#.###### #
#?.####+#.#.#
#......h@.#.#
#.........#<#
.....o...### ..........
.....<..### .......##
#######


You could see a howler monkey and an orc.

Vanquished Creatures
  A killer bee zombie (D:3)
  4 adders
  4 dart slugs
  A leopard gecko (D:2)
  3 orcs (D:3)
  A ball python (D:4)
  3 giant cockroaches
  4 goblins
  5 hobgoblins (D:1)
  5 jackals
  2 quokkas
  8 bats
  2 frilled lizards
  4 kobolds
  6 rats
53 creatures vanquished.

Notes
Turn   | Place    | Note
-------+----------+-------------------------------------------
     0 | D:1      | nomophobia the Demonspawn Berserker began the quest for the
                  | Orb.
     0 | D:1      | Reached XP level 1. HP: 18/18 MP: 1/1
   136 | D:1      | Reached skill level 3 in Axes
   137 | D:1      | Gained mutation: You are partially covered in iridescent
                  | scales. (AC +2) [demonic ancestry]
   137 | D:1      | Reached XP level 2. HP: 24/24 MP: 2/2
   586 | D:1      | Gained mutation: You have a pair of small antennae on your
                  | head. [demonic ancestry]
   586 | D:1      | Reached XP level 3. HP: 25/29 MP: 3/3
   746 | D:2      | Reached ** piety under Trog
  1184 | D:2      | You fall into a shaft and drop 1 floor!
  1443 | D:3      | Noticed a yak
  1444 | D:3      | Found a transporter.
  1445 | D:3      | Found a transporter.
  1456 | D:3      | Found a snail-covered altar of Cheibriados.
  1459 | D:3      | Found a shimmering blue altar of Sif Muna.
  1481 | D:3      | Gained mutation: You have a pair of antennae on your head.
                  | [demonic ancestry]
  1481 | D:3      | Reached XP level 4. HP: 34/35 MP: 4/4
  2004 | D:4      | Reached skill level 4 in Axes
  2005 | D:4      | Found a sparkling altar of Nemelex Xobeh.
  2045 | D:4      | Slain by a howler monkey

Illustrated notes

Levels and vault maps discovered:
D:1:      wander_arrival_estate, layout_basic
D:2:      layout_loops_ring, lemuel_zombie_altar_kikubaaqudgha,
          general_overflow_altar, lemuel_crystal_altar
D:3:      layout_loops_ring, gammafunk_temple_overflow_arena
D:4:      layout_basic, nicolae_overflow_hidden_temple,
          chequers_temple_overflow_statue_of_worship, uniq_blork_the_orc,
          uniq_duvessa

Skill      XL: |  1  2  3  4 |
---------------+-------------+-----
Axes           | 3 4 |  4.0
Armour         | 2 |  2.7
Fighting       | |  3.7
Dodging        | |  1.7

Action                   |  1- 3 |  4- 6 || total
-------------------------+-------+-------++-------
Melee: Hand axe          |   152 |    57 ||   209
Invok: Berserk           |     2 |       ||     2
Armor: Animal skin       |     3 |       ||     3
       Ring mail         |    57 |    40 ||    97
Dodge: Dodged            |   100 |    46 ||   146
